 Dungeon Crawl Stone Soup version 0.27.1-33-g824d729ab1 (webtiles) character file.

Game seed: 9444247531611669589

6049 H0rd4k the Slinger (level 11, -3/86 HPs)
             Began as a Human Artificer on Dec 20, 2021.
             Was an Initiate of Gozag.
             Slain by an orc knight (33 damage)
             ... on level 10 of the Dungeon.
             The game lasted 00:17:50 (13128 turns).

H0rd4k the Slinger (Human Artificer)               Turns: 13128, Time: 00:17:51

Health: -3/86      AC:  4    Str: 22    XL:     11   Next: 11%
Magic:  11/11      EV: 13    Int: 19    God:    Gozag
Gold:   1240       SH:  0    Dex: 14    Spells: 10/10 levels left

rFire    . . .     SeeInvis .   u - +4 hunting sling of Bread {flame, Str+2}
rCold    . . .     Faith    .   (no shield)
rNeg     . . .     Spirit   .   b - +0 leather armour
rPois    .         Reflect  .   (no helmet)
rElec    .         Harm     .   (no cloak)
rCorr    .         Rampage  .   (no gloves)
Will     .....                  f - +0 pair of boots
Stlth    +.........             (no amulet)
HPRegen  0.24/turn              B - +6 ring of strength
MPRegen  0.12/turn              E - +6 ring of intelligence

@: no status effects
A: no striking features
a: Renounce Religion, Potion Petition, Call Merchant, Bribe Branch


You were on level 10 of the Dungeon.
You worshipped Gozag.
Gozag was most pleased with you.
You visited 2 branches of the dungeon, and saw 11 of its levels.

You collected 1314 gold pieces.
You paid 74 gold pieces to Gozag.

Inventory:

Hand Weapons
 l - a +0 short sword
 u - the +4 hunting sling of Bread (weapon) {flame, Str+2}
   (You found it on level 4 of the Dungeon)

   Any ammunition fired from it burns those it strikes, dealing additional fire
   damage.
   Str:       It affects your strength (+2).
Missiles
 s - 14 poisoned darts
 v - 85 stones (quivered ammo)
 G - 44 sling bullets
 H - a throwing net
Armour
 b - a +0 leather armour (worn)
 f - a +0 pair of boots (worn)
Magical Staves
 i - a staff of fire
 I - a staff of earth
Jewellery
 B - a +6 ring of strength (left hand)
 E - a +6 ring of intelligence (right hand)
 M - a +4 ring of evasion
Wands
 c - a wand of flame (22)
 d - a wand of charming (2)
 w - a wand of polymorph (4)
 F - a wand of paralysis (1)
 L - a wand of digging (5)
Scrolls
 h - a scroll of noise {unknown}
 j - 2 scrolls of fog
 o - a scroll of enchant armour {unknown}
 r - a scroll of immolation {unknown}
 x - 4 scrolls of teleportation {unknown}
 z - 2 scrolls of brand weapon {unknown}
 C - 2 scrolls of fear {unknown}
 D - 2 scrolls of amnesia {unknown}
 J - a scroll of silence {unknown}
 N - a scroll of blinking {unknown}
Potions
 a - a potion of curing
 g - 3 potions of flight
 k - a potion of lignification {unknown}
 m - 2 potions of attraction
 n - 3 potions of heal wounds
 p - a potion of invisibility {unknown}
 q - 2 potions of brilliance
 t - a potion of mutation {unknown}
 A - 2 potions of ambrosia
 K - a potion of haste {unknown}
Miscellaneous
 e - a piece from Xom's chessboard (15/15)


   Skills:
 + Level 7.9 Fighting
 + Level 3.5 Short Blades
 - Level 11.8 Slings
 + Level 0.6(7.6) Throwing
 - Level 2.0 Armour
 + Level 4.3 Dodging
 - Level 1.0 Stealth
 * Level 0.3 Spellcasting
 + Level 4.7 Evocations


You had 10 spell levels left.
You didn't know any spells.
Your spell library contained the following spells:

 Spells                   Type           Power      Damage    Failure   Level
 Freeze                   Ice            0%         1d3       22%         1
 Frozen Ramparts          Ice            0%         1d2       56%         3
 Tukima's Dance           Hex            0%         N/A       56%         3
 Fulminant Prism          Conj/Hex       0%         3d6       92%         4
 Hailstorm                Conj/Ice       0%         3d3       92%         4
 Iskenderun's Mystic Bla  Conj/Tloc      0%         2d3       92%         4
 Passage of Golubria      Tloc           N/A        N/A       92%         4
 Fireball                 Conj/Fire      0%         3d3       99%         5
 Iskenderun's Battlesphe  Conj           0%         2d6       99%         5
 Lee's Rapid Deconstruct  Erth           0%         3d5*      99%         5
 Summon Forest            Summ/Tloc      0%         N/A       99%         5
 Yara's Violent Unravell  Hex/Tmut       0%         3d3       99%         5
 Conjure Ball Lightning   Conj/Air       0%         3x3d6     100%        6
 Eringya's Noxious Bog    Tmut/Pois      0%         N/A       100%        6
 Orb of Destruction       Conj           0%         N/A       100%        7
 Summon Hydra             Summ           0%         N/A       100%        7


Dungeon Overview and Level Annotations

Branches:
Dungeon (10/15)            Temple (1/1) D:5             Orc (0/2) D:10
   Lair: D:8-11

Altars:
Ashenzari
Cheibriados
Dithmenos
Elyvilon
Fedhas
Gozag
Makhleb
Nemelex Xobeh
Okawaru
Qazlal
Ru
Sif Muna
Trog
Uskayaw
Vehumet
Wu Jian
Xom
Yredelemnul
Zin
The Shining One
Beogh

Shops:
D:7 *(   D:10 :

Annotations:
D:3 exclusion: downstairs
D:7 exclusion: upstairs
D:8 exclusion: 2 downstairs
D:9 exclusion: downstairs


Message History

Aiming: Paralyse
Press: ? - help, Shift-Dir - straight line, f/p - orc knight
Aim: an orc knight, wielding a +0 war axe and wearing a +0 plate armour (heavily wounded, chance to affect: 42%)
The orc knight resists with some effort.
Unknown command.
Aiming: Paralyse
Press: ? - help, Shift-Dir - straight line, f/p - orc knight
Aim: an orc knight, wielding a +0 war axe and wearing a +0 plate armour (heavily wounded, chance to affect: 42%)
The orc knight resists with some effort.
Unknown command.
You shoot a stone.
The stone hits the orc knight but does no damage.
The orc knight is heavily wounded.
The orc knight hits you with a +0 war axe!!
Aiming: Charm
Press: ? - help, Shift-Dir - straight line, f/p - orc knight
Aim: an orc knight, wielding a +0 war axe and wearing a +0 plate armour (heavily wounded, chance to affect: 42%)
The orc knight resists with some effort.
The orc knight hits you with a +0 war axe!
Unknown command.
Aiming: Charm
Press: ? - help, Shift-Dir - straight line, f/p - orc knight
Aim: an orc knight, wielding a +0 war axe and wearing a +0 plate armour (heavily wounded, chance to affect: 42%)
The orc knight resists with some effort.
The orc knight hits you with a +0 war axe!!
Unknown command.
Aiming: Charm
Press: ? - help, Shift-Dir - straight line, f/p - orc knight
Aim: an orc knight, wielding a +0 war axe and wearing a +0 plate armour (heavily wounded, chance to affect: 42%)
The orc knight resists with some effort.
The orc knight hits you with a +0 war axe.
Unknown command.
Aiming: Charm
Press: ? - help, Shift-Dir - straight line, f/p - orc knight
Aim: an orc knight, wielding a +0 war axe and wearing a +0 plate armour (heavily wounded, chance to affect: 42%)
The orc knight resists with some effort.
The orc warrior no longer looks unusually strong.
The orc knight hits you with a +0 war axe!!
You die...
Your body crumbles into a pile of gold.

.≈≈≈...###...##....o#..#
.⌠≈≈##.####..<#..⌠.o8.(#
∩......>......#...ooo.(#
.⌠≈≈##.######.#.!ooo8.<#
.≈≈≈##.######.#...oo#$o#
.≈≈...........####
#..### .##.##........#
#....
.##.#########.########.#
................@oo....#
..#.............########
.##.#####.......########
....# #...............
###.# #.......########
#.#####.......#
#.............#
###############


You could see an orc knight and an orc warrior.

Vanquished Creatures
  A boulder beetle (D:9)
  A manticore (D:10)
  A troll (D:10)
  A wyvern (D:8)
  Eustachio (D:5)
  3 yaks (D:8)
  Grum (D:9)
  A water moccasin (D:7)
  4 orc warriors
  A sky beast (D:6)
  3 ice beasts
  3 necrophages
  3 centaurs
  3 wolves
  2 bullfrogs
  A wyvern zombie (D:6)
  A gnoll sergeant (D:9)
  2 scorpions
  3 wights (D:7)
  5 centaur zombies
  A crimson imp (D:6)
  2 hounds
  A bullfrog zombie (D:6)
  2 jellies (D:6)
  4 orc priests
  A gnoll shaman (D:5)
  2 centaur skeletons (D:6)
  2 bullfrog skeletons (D:5)
  10 orc wizards
  Natasha (twice) (D:4)
  10 gnolls
  2 iguanas
  A howler monkey zombie (D:9)
  2 howler monkey skeletons
  3 adders (D:3)
  A river rat (D:4)
  5 shadow imps
  2 white imps
  3 ufetubi
  2 adder skeletons
  2 worms
  A dart slug (D:5)
  21 orcs
  6 bats
  9 endoplasms
  6 giant cockroaches
  10 goblins
  11 hobgoblins
  4 kobolds
  2 quokkas
  7 ball pythons
  4 frilled lizards
  3 rats
185 creatures vanquished.

Vanquished Creatures (collateral kills)
  Natasha (D:4)
  A gnoll (D:4)
  An ufetubus (D:5)
  An orc (D:3)
  A hobgoblin (D:1)
  A ball python (D:4)
6 creatures vanquished.

Vanquished Creatures (others)
  2 giant cockroaches (D:1)
  A goblin (D:1)
3 creatures vanquished.

Grand Total: 194 creatures vanquished

Notes
Turn   | Place    | Note
-------+----------+-------------------------------------------
     0 | D:1      | H0rd4k the Human Artificer began the quest for the Orb.
     0 | D:1      | Reached XP level 1. HP: 15/15 MP: 1/1
   237 | D:1      | Reached XP level 2. HP: 10/21 MP: 2/2
   932 | D:1      | Reached XP level 3. HP: 26/26 MP: 3/3
   945 | D:1      | Found a faded altar of an unknown god.
  1346 | D:1      | HP: 1/26 [constriction (1)]
  2611 | D:2      | Reached XP level 4. HP: 30/32 MP: 4/4
  3204 | D:3      | Found an ornate altar of the Wu Jian Council.
  3238 | D:3      | Reached skill level 1 in Short Blades
  3797 | D:3      | Reached XP level 5. HP: 38/38 MP: 5/5
  4328 | D:4      | Found a shimmering blue altar of Sif Muna.
  4402 | D:4      | Noticed Natasha
  4406 | D:4      | Killed Natasha
  5103 | D:4      | Noticed Natasha
  5105 | D:4      | Killed Natasha
  5109 | D:4      | Identified the +4 hunting sling of Bread {flame, Str+2}
  5170 | D:4      | Noticed Natasha
  5192 | D:4      | Killed Natasha
  5193 | D:4      | Reached XP level 6. HP: 40/44 MP: 6/6
  5610 | D:5      | Entered Level 5 of the Dungeon
  5631 | D:5      | Noticed an ice beast
  5676 | D:5      | Reached skill level 1 in Slings
  5924 | D:5      | Reached XP level 7. HP: 52/52 MP: 7/7
  5935 | D:5      | Found a staircase to the Ecumenical Temple.
  5952 | Temple   | Entered the Ecumenical Temple
  6003 | Temple   | Became a worshipper of Gozag Ym Sagoz the Greedy
  6042 | D:5      | Noticed a water moccasin
  6272 | D:5      | Reached skill level 2 in Slings
  6695 | D:5      | Noticed Eustachio
  6750 | D:5      | Killed Eustachio
  6751 | D:5      | Reached skill level 3 in Slings
  6992 | D:5      | Reached skill level 4 in Slings
  6992 | D:5      | Reached XP level 8. HP: 58/60 MP: 8/8
  7088 | D:5      | Found a blossoming altar of Fedhas.
  7438 | D:6      | Reached skill level 5 in Slings
  7598 | D:6      | Reached skill level 6 in Slings
  7877 | D:7      | Found Toafilukh's Gadget Gallery.
  7916 | D:7      | Reached XP level 9. HP: 66/66 MP: 9/9
  7949 | D:7      | Found Ekamn's Weapon Shop.
  7970 | D:7      | Reached skill level 7 in Slings
  8808 | D:6      | Reached skill level 5 in Fighting
  8808 | D:6      | Reached skill level 8 in Slings
  9170 | D:6      | Reached skill level 9 in Slings
  9387 | D:6      | Found a burning altar of Makhleb.
  9387 | D:6      | Found a shimmering altar of Xom.
  9643 | D:8      | Reached XP level 10. HP: 25/76 MP: 10/10
  9872 | D:8      | Found a broken altar of Ashenzari.
  9999 | D:8      | Reached skill level 10 in Slings
 10469 | D:9      | Noticed Grum
 10552 | D:9      | Found a hide-covered altar of Uskayaw.
 11634 | D:9      | Found a sparkling altar of Nemelex Xobeh.
 11714 | D:9      | Killed Grum
 11715 | D:9      | Reached skill level 11 in Slings
 11960 | D:9      | Noticed a boulder beetle
 12128 | D:9      | Found a white marble altar of Elyvilon.
 12146 | D:9      | Killed a boulder beetle
 12182 | D:9      | Found a bloodstained altar of Trog.
 12416 | D:10     | Entered Level 10 of the Dungeon
 12416 | D:10     | Noticed an orc knight
 12416 | D:10     | Noticed a two-headed ogre
 12416 | D:10     | Found a staircase to the Orcish Mines.
 12474 | D:10     | Found Tyan's Self-Improvement Boutique.
 12588 | D:10     | Found a glowing golden altar of the Shining One.
 12686 | D:10     | Noticed a manticore
 12697 | D:10     | Killed a manticore
 12698 | D:10     | Reached XP level 11. HP: 37/85 MP: 11/11
 13107 | D:10     | Noticed an orc knight
 13128 | D:10     | Slain by an orc knight

Illustrated notes

Levels and vault maps discovered:
D:1:      minmay_arrival_loop, layout_basic, basic_ecumenical_altar
D:2:      layout_basic, kennysheep_generic_room_4
D:3:      layout_basic, mainiacjoe_overflow_small_starburst,
          grunt_decor_resistance
D:4:      layout_cave_pools, lemuel_blue_sif_altar,
          cheibrodos_sewer_entry_sluice, uniq_natasha
D:5:      layout_gridville, lemuel_coloured_pillars_altar,
          minmay_temple_entry_mini_moons, grunt_decor_mini_mirrors,
          due_unseen_surprise, uniq_eustachio
D:6:      layout_rooms, grunt_temple_overflow_champion_of_chaos
D:7:      layout_basic, serial_glass, glass_columns_b, glass_columns_c,
          glass_columns_a, glass_columns_b, glass_columns_a, glass_columns_a,
          serial_shops, shop, nicolae_shop_gadgets
D:8:      layout_loops_ring, mainiacjoe_overflow_24_doors, minmay_misc_feat_five
D:9:      layout_cross, nemelex_xobeh_ov_fountains_minmay,
          mainiacjoe_overflow_large_starburst, mainiacjoe_overflow_alcove_1,
          uniq_grum
D:10:     layout_loops_ring, mainiacjoe_overflow_boulevard,
          mainiacjoe_overflow_alcove_2, lemuel_tele_altar, david_orc_5,
          nicolae_shop_self_help
Temple:   kb_temple_of_zot

Skill      XL: |  1  2  3  4  5  6  7  8  9 10 |
---------------+-------------------------------+-----
Evocations     | 4 |  4.7
Dodging        | 2 3 4 |  4.3
Short Blades   | 1 2 3 |  3.5
Fighting       | 2 3 4 6 7 |  7.9
Slings         | 1 4 6 9 11 | 11.8
Throwing       | |  0.6
Armour         | |  2.0
Stealth        | |  1.0
Spellcasting   | |  0.3

Action                   |  1- 3 |  4- 6 |  7- 9 | 10-12 || total
-------------------------+-------+-------+-------+-------++-------
Melee: Club              |   138 |       |       |       ||   138
       Short sword       |    46 |   166 |       |    13 ||   225
 Fire: Hunting sling     |       |    33 |   294 |   199 ||   526
Throw: Dart              |       |     6 |       |       ||     6
Evoke: Wand              |    10 |    11 |     4 |    17 ||    42
  Use: Potion            |       |       |     1 |     1 ||     2
       Scroll            |       |       |       |     6 ||     6
 Stab: Sleeping          |     3 |     2 |       |       ||     5
       Paralysed         |       |       |       |    11 ||    11
Armor: Leather armour    |    66 |    45 |    25 |     8 ||   144
Dodge: Dodged            |   126 |   138 |    73 |    29 ||   366
